 Dungeon Crawl Stone Soup version 0.15-a0-1632-gd490d05 (webtiles) character file.

29 Quh the Magician (level 3, -3/19 HPs)
             Began as a Deep Elf Wizard on June 21, 2014.
             Killed by divine providence
             ... invoked by an orc priest
              (10 damage)
             ... on Level 1 of the Dungeon.
             The game lasted 00:06:08 (1175 turns).

Quh the Magician (Deep Elf Wizard)                  Turns: 1175, Time: 00:06:09

HP  -3/19        AC  2     Str  5      XL: 3   Next:  1%
MP   6/12        EV 12     Int 22      God:
Gold 51          SH  0     Dex 13      Spells:  4 memorised,  3 levels left

rFire  . . .     SeeInvis .     g - +0 short sword
rCold  . . .     Clarity  .     a - +0 robe
rNeg   . . .     rCorr    .     (no shield)
rPois  .         rRot     .     b - +0 hat
rElec  .         Spirit   .     (no cloak)
SustAb .         Warding  .     (no gloves)
rMut   .         Stasis   .     (no boots)
Gourm  .                        (no amulet)
MR     .....                    (no ring)
                                (no ring)

@: not resistant to hostile enchantments, unstealthy
A: no striking features
a: no special abilities


You were on level 1 of the Dungeon.
You were hungry.

You visited 1 branch of the dungeon, and saw 1 of its levels.

You collected 51 gold pieces.

Inventory:

Hand weapons
 g - a +0 short sword (weapon)
Armour
 a - a +0 robe (worn)
 b - a +0 hat (worn)
Comestibles
 d - a bread ration
 k - a slice of pizza
 p - a meat ration
Scrolls
 f - a scroll of identify {unknown}
 h - a scroll of random uselessness {unknown}
 i - a scroll of magic mapping {unknown}
 l - a scroll of remove curse {unknown}
Jewellery
 e - an uncursed ring of sustain abilities {unknown}
Potions
 j - 2 potions of haste {unknown}
 m - a potion of curing {unknown}
 n - a potion of heal wounds {unknown}
 o - a potion of mutation {unknown}
Books
 c - a book of Minor Magic

   Spells                             Type                      Level
   *Magic Dart                        Conjuration                  1
   *Blink                             Translocation                2
   *Call Imp                          Summoning                    2
   *Repel Missiles                    Charms/Air                   2
   Slow                               Hexes                        2
   Conjure Flame                      Conjuration/Fire             3
   Mephitic Cloud                     Conjuration/Poison/Air       3


   Skills:
 - Level 2.4 Dodging
 - Level 2.4 Stealth
 - Level 4.4 Spellcasting
 * Level 3.1 Conjurations
 - Level 1.1 Summonings
 - Level 1.1 Translocations
 * Level 0.6 Air Magic


You had 3 spell levels left.
You knew the following spells:

 Your Spells              Type           Power        Failure   Level  Hunger
a - Magic Dart            Conj           ###.         3%          1    None
b - Blink                 Tloc           N/A          12%         2    None
c - Call Imp              Summ           #.......     12%         2    None
d - Repel Missiles        Chrm/Air       #.....       17%         2    None


Dungeon Overview and Level Annotations

Branches:
Dungeon (1/15)

Altars:


Message History

The orc priest closely misses your white imp.
Your white imp completely misses the orc priest.
The orc priest hits your white imp but does no damage.
Your white imp barely misses the orc priest.
The orc priest closely misses your white imp.
Your crimson imp disappears in a puff of smoke!
Your white imp closely misses the orc priest.
The orc priest hits your white imp but does no damage.
There is an open door here.
There is an open door here.
There is a stone staircase leading down here.
You start resting.
An orc priest is nearby!
Casting: Magic Dart
Confirm with . or Enter, or press ? or * to list all spells.
A beastly little devil appears in a puff of frigid air.
The orc priest mumbles some strange prayers to Beogh against you.
Something smites you!
Ouch! That really hurt!
You die...

##### #........######.#######
##...# #.....##.# ##...## .....#
#....>...# #.....# ##...#
###.###### ##...## ##.###### #.#
##.## # #......####.#### #.# #
#.####.........# #.# #
#...##..###.##.# ##'## #
#....%..#...##@# ##...## #
#####.###.#...##.# ##.....## #
#.###.# #.#...#5.# ##...%...## #
...##.###...%....####.........###
................>o..'............
...##.######)#...####............
.........# #.##.## ##.......#.##
.####.##.###)#### ####.....##.##
.# #.##.##...#### #.........#.##


You could see an orc priest and a friendly white imp.

Vanquished Creatures
  An orc (D:1)
  7 goblins (D:1)
  3 hobgoblins (D:1)
  7 bats (D:1)
  4 kobolds (D:1)
  3 rats (D:1)
25 creatures vanquished.

Vanquished Creatures (collateral kills)
  An orc (D:1)
1 creature vanquished.

Grand Total: 26 creatures vanquished

Notes
Turn   | Place    | Note
--------------------------------------------------------------
     0 | D:1      | Quh, the Deep Elf Wizard, began the quest for the Orb.
     0 | D:1      | Reached XP level 1. HP: 10/10 MP: 6/6
   377 | D:1      | Reached XP level 2. HP: 15/15 MP: 3/9
   381 | D:1      | Learned a level 2 spell: Blink
   384 | D:1      | Learned a level 2 spell: Call Imp
   387 | D:1      | Learned a level 2 spell: Repel Missiles
  1135 | D:1      | Reached XP level 3. HP: 5/19 MP: 2/12
  1175 | D:1      | Killed from afar by an orc priest

Action                   || total
-------------------------++-------
Melee: Short sword       ||     2
 Cast: Magic Dart        ||    43
       Call Imp          ||     3
